[Event "Late-Titled-Tuesday-Blitz-February-27-2024"]
[Site "Chess.com"]
[Date "2024.02.27"]
[Round "11"]
[White "Boninknights"]
[Black "dosto07"]
[Result "0-1"]
[WhiteElo "2397"]
[BlackElo "2513"]
[TimeControl "180+1"]
[EndTime "16:05:32 PST"]
[Termination "dosto07 won by resignation"]

1. d4 Nf6 2. Nf3 d5 3. c4 dxc4 4. e3 e6 5. Bxc4 c5 6. dxc5 Qxd1+ 7. Kxd1 Bxc5 8. Ke2 Nc6 9. a3 Bd6 10. Nbd2 Bd7 11.
Bd3 Ne5 12. Nxe5 Bxe5 13. Nc4 Bc7 14. Bd2 Bc6 15. f3 Rd8 16. Bc3 O-O 17. Ne5 Ba4 18.
e4 Nd7 19. Nxd7 Rxd7 20. b3 Rfd8 21. Bc4 b5 22. bxa4 bxc4 23. g3 Rd3 24. Rhc1 Bb6 25.
f4 Re3+ 26. Kf1 Rxe4 27. a5 Bc5 28. Rd1 Rd5 29. Rab1 h5 30. Rb8+ Kh7 31. Re1 Rxe1+ 32. Kxe1 Rd3 33. Bb4 Bd4 34. Ke2 Rb3 35. Rc8 c3 36.
Kd3 Bf6 37. Bxc3 Rxa3 38. Kc2 Bxc3 39. Rxc3 Rxa5 40. Rc7 Kg6 0-1

[Event "Late-Titled-Tuesday-Blitz-February-27-2024"]
[Site "Chess.com"]
[Date "2024.02.27"]
[Round "11"]
[White "sotochess"]
[Black "GMKrikor"]
[Result "0-1"]
[WhiteElo "2652"]
[BlackElo "2848"]
[TimeControl "180+1"]
[EndTime "16:05:33 PST"]
[Termination "GMKrikor won by resignation"]

1. e4 c5 2. Nf3 Nc6 3. Bb5 Nf6 4. e5 Nd5 5. O-O Nc7 6. a4 g6 7.
Re1 Bg7 8. c3 O-O 9. Bc4 d5 10.
exd6 Qxd6 11. d3 Bf5 12. Na3 a6 13. Qe2 Rad8 14. Rd1 Na5 15. Bg5 Rfe8 16. d4 Ne6 17.
dxc5 Qc7 18. Bxe6 Bxe6 19. Nd4 Bxd4 20. cxd4 Nb3 21. Be3 Nxa1 22. Rxa1 Bb3 23. Nb1 e5 24. Nd2 Bd5 25. dxe5 Qxe5 26. Nf1 Qe4 27. f3 Qb4 28.
Qf2 Bc4 29. Bg5 Rd5 30. h4 Qxc5 31. Ne3 Rxg5 32. hxg5 Qxe3 33. Qxe3 Rxe3 34. Rc1 Be6 35. Rc7 Rb3 0-1

[Event "Late-Titled-Tuesday-Blitz-February-27-2024"]
[Site "Chess.com"]
[Date "2024.02.27"]
[Round "11"]
[White "Alex_Sahakyan2006"]
[Black "Zq1"]
[Result "1-0"]
[WhiteElo "2809"]
[BlackElo "2633"]
[TimeControl "180+1"]
[EndTime "16:05:39 PST"]
[Termination "Alex_Sahakyan2006 won by resignation"]

1. e4 c5 2. Nc3 g6 3. d4 cxd4 4. Qxd4 Nf6 5. Nf3 Nc6 6. Qa4 d6 7. e5 dxe5 8. Nxe5 Bd7 9. Nxd7 Qxd7 10. Bb5 Bg7 11. O-O O-O 12. Rd1 Qc8 13. Bg5 a6 14. Bxc6 Qxc6 15. Qxc6 bxc6 16. Na4 h6 17. Bxf6 Bxf6 18.
Nb6 Rab8 19. Nd7 Rxb2 20. Nxf8 Kxf8 21. a4 Rxc2 22. Rac1 Ra2 23. Rc4 c5 24. Rxc5 Rxa4 25. g3 h5 26. Kg2 Bd4 27. Rd5 e5 28. f4 Ra2+ 29. Kh3 Bc3 30. Rc1 Bd2 31. Rd1 Be3 32.
Rxe5 Bf2 33. f5 Kg7 34. fxg6 fxg6 35. Re6 Kf7 36. Rc6 g5 37. Rd7+ Ke8 38. Rh7 g4+ 39. Kh4 Kd8 40. Rg6 1-0

[Event "Late-Titled-Tuesday-Blitz-February-27-2024"]
[Site "Chess.com"]
[Date "2024.02.27"]
[Round "11"]
[White "AlexeiShirov"]
[Black "Malev212"]
[Result "1-0"]
[WhiteElo "2840"]
[BlackElo "2641"]
[TimeControl "180+1"]
[EndTime "16:05:45 PST"]
[Termination "AlexeiShirov won by resignation"]

1. e4 g6 2. d4 Bg7 3. Nc3 c5 4. dxc5 Bxc3+ 5. bxc3 Nf6 6. e5 Ne4 7. Qd4 Qa5 8. Ne2 Nxc5 9. Qb4 Nc6 10. Qxa5 Nxa5 11.
g3 b6 12. Be3 Bb7 13. Rg1 Rc8 14. f4 O-O 15. O-O-O Rfd8 16. f5 Nc4 17. Bg5 Re8 18.
Bf4 Bf3 19. Rd4 b5 20. g4 f6 21. Rxc4 bxc4 22. Nd4 Bd5 23. g5 fxe5 24. Bxe5 d6 25. Bf4 Ne4 26. Bh3 Rb8 27. Ne2 Nf2 28. Bg2 Bxg2 29.
Rxg2 Ne4 30. fxg6 hxg6 31. Rg4 Rf8 32. Ng3 Nf2 33. Rh4 e5 34. Be3 Rbc8 35. Bxa7 Nh1 36. Ne4 1-0

[Event "Late-Titled-Tuesday-Blitz-February-27-2024"]
[Site "Chess.com"]
[Date "2024.02.27"]
[Round "11"]
[White "EsmeraldasAnderson03"]
[Black "IngOscarArdila"]
[Result "1-0"]
[WhiteElo "2523"]
[BlackElo "2308"]
[TimeControl "180+1"]
[EndTime "16:05:46 PST"]
[Termination "EsmeraldasAnderson03 won on time"]

1. d4 Nf6 2. c4 e6 3. Nc3 Be7 4. e4 d6 5. Nf3 O-O 6. Bd3 Nbd7 7. e5 Ne8 8. Qe2 dxe5 9. Nxe5 Nef6 10. O-O c6 11. Bg5 h6 12. Bh4 Qc7 13. Bg3 Qb6 14.
Rad1 Re8 15. Bb1 Nf8 16. Rfe1 Qb4 17. a3 Qb6 18. h3 Rd8 19. Qd3 Qb3 20. Qe2 Qb6 21.
c5 Qa5 22. Nc4 Qa6 23. Bd3 b5 24. cxb6 axb6 25. Bc7 Qb7 26. Bxd8 Bxd8 27. Nd6 Qc7 28. Nxc8 Rxc8 29. Rc1 Qb8 30. Ne4 Nd5 31. Qf3 Be7 32. Bb1 Nd7 33. Nc3 N7f6 34. Nxd5 cxd5 35. Qe3 Rc7 36. Rxc7 Qxc7 37. Rc1 Qd6 38. Qe5 Qd7 39. Qc7 Qxc7 40. Rxc7 Kf8 41. Rc8+ Ne8 42. Bc2 b5 43. Bd3 f6 44. Bg6 1-0

[Event "Late-Titled-Tuesday-Blitz-February-27-2024"]
[Site "Chess.com"]
[Date "2024.02.27"]
[Round "11"]
[White "Kirill_Klukin"]
[Black "gahryman"]
[Result "0-1"]
[WhiteElo "2832"]
[BlackElo "2712"]
[TimeControl "180+1"]
[EndTime "16:05:47 PST"]
[Termination "gahryman won on time"]

1. d4 Nf6 2. Nf3 e6 3. e3 b6 4. Bd3 Bb7 5. O-O d5 6. b3 Bd6 7. Bb2 O-O 8. Nbd2 Ne4 9. c4 Nd7 10. Qc2 f5 11. cxd5 exd5 12. Ne5 c5 13. Rfd1 cxd4 14.
exd4 Rc8 15. Qb1 Nxe5 16. dxe5 Bc5 17. Bxe4 fxe4 18. Nxe4 Qh4 19. Nxc5 Qxf2+ 20. Kh1 bxc5 21. Rf1 Qe2 22. Re1 Qg4 23. Qc2 d4 24. Qe2 Rf3 25. e6 Re8 26. Rac1 Bd5 27. Rf1 Rxe6 28. Qxf3 Bxf3 29.
Rxf3 Re2 30. Rg3 Qe4 0-1

[Event "Late-Titled-Tuesday-Blitz-February-27-2024"]
[Site "Chess.com"]
[Date "2024.02.27"]
[Round "11"]
[White "Bryanl106"]
[Black "TanitoluwaAps116"]
[Result "0-1"]
[WhiteElo "2617"]
[BlackElo "2903"]
[TimeControl "180+1"]
[EndTime "16:05:48 PST"]
[Termination "TanitoluwaAps116 won on time"]

1. e4 c5 2. Nf3 e6 3. d4 cxd4 4. Nxd4 Nf6 5. Nc3 Nc6 6. Ndb5 d6 7. Bf4 e5 8. Bg5 a6 9. Na3 b5 10. Nd5 Be7 11. Bxf6 Bxf6 12. c3 Bg5 13. Nc2 Rb8 14. a4 bxa4 15. Ncb4 Nxb4 16. cxb4 O-O 17. Be2 Bd7 18.
Bxa6 Bc6 19. Rxa4 Qd7 20. Ra5 Bd8 21. Ra2 Bxd5 22. Qxd5 Rxb4 23. O-O Rd4 24. Qb7 Qg4 25. f3 Qe6 26. Raa1 Bg5 27. Kh1 Qh6 28. Rg1 Rd2 29.
Rad1 Bf4 30. h3 Qh4 31. Rxd2 Qg3 0-1

[Event "Late-Titled-Tuesday-Blitz-February-27-2024"]
[Site "Chess.com"]
[Date "2024.02.27"]
[Round "11"]
[White "miraitrunks"]
[Black "morte-negra"]
[Result "1-0"]
[WhiteElo "2208"]
[BlackElo "2050"]
[TimeControl "180+1"]
[EndTime "16:05:48 PST"]
[Termination "miraitrunks won on time"]

1. e4 c5 2. Nf3 d6 3. d4 cxd4 4. Nxd4 Nf6 5. Nc3 a6 6. Qf3 e6 7. Bg5 Nbd7 8. O-O-O Qc7 9. Qg3 h6 10. Bxf6 Nxf6 11. f4 Nd7 12. Be2 Rb8 13. Rhf1 b5 14. f5 Nc5 15. fxe6 fxe6 16. Bh5+ Kd8 17. Rf7 Bd7 18.
e5 d5 19. Nxe6+ Nxe6 20. Rxd5 Rc8 21. Rfxd7+ Qxd7 22. Rxd7+ Kxd7 23. Bg4 Rc6 24. Nd5 Be7 25. h4 Rhc8 26. Bxe6+ Kxe6 27. Nxe7 Rxc2+ 28. Kd1 Rc1+ 29. Kd2 R8c2+ 30. Kd3 Kxe7 31. Qxg7+ Ke6 32. Qf6+ Kd7 33. e6+ Kc7 34. e7 Rc4 35. Qe5+ Kb6 36. Qd6+ Kb7 37. Qd7+ Kb6 38. Qd8+ Kb7 39. e8=Q 1-0

[Event "Late-Titled-Tuesday-Blitz-February-27-2024"]
[Site "Chess.com"]
[Date "2024.02.27"]
[Round "11"]
[White "Fh2411"]
[Black "jcibarra"]
[Result "0-1"]
[WhiteElo "2646"]
[BlackElo "2920"]
[TimeControl "180+1"]
[EndTime "16:05:49 PST"]
[Termination "jcibarra won by resignation"]

1. d4 Nf6 2. Nf3 g6 3. c4 d6 4. Nc3 Bf5 5. Bf4 Bg7 6. e3 Ne4 7. Nxe4 Bxe4 8. Bd3 Bxf3 9. Qxf3 Nc6 10. Be4 Qd7 11. O-O O-O 12. Bg3 f5 13. Bxc6 bxc6 14. Rfd1 Rab8 15. b3 c5 16. h3 cxd4 17. exd4 f4 18.
Bh2 c5 19. Qd5+ e6 20. Qe4 Bxd4 21. Bxf4 Bxa1 22. Rxa1 Rbd8 23. Bg5 d5 24. Qe3 d4 25.
Qg3 Rde8 26. f4 Rf5 27. Rd1 e5 28. fxe5 Rexe5 29. Bh6 Qe6 30. Kh2 g5 31. b4 Qxh6 32. bxc5 Qh4 33. Qb3 Qf4+ 34. Kh1 Rxc5 35. Qb7 Rf7 36.
Qa8+ Kg7 37. Qd8 Rxc4 38. Re1 Rc1 0-1

[Event "Late-Titled-Tuesday-Blitz-February-27-2024"]
[Site "Chess.com"]
[Date "2024.02.27"]
[Round "11"]
[White "Fandorine"]
[Black "Grischuk"]
[Result "1-0"]
[WhiteElo "2936"]
[BlackElo "3037"]
[TimeControl "180+1"]
[EndTime "16:05:50 PST"]
[Termination "Fandorine won by resignation"]

1. d4 d5 2. c4 c6 3. Nf3 Nf6 4.
Nc3 dxc4 5. e4 b5 6. Be2 e6 7. O-O a5 8. a4 b4 9. e5 Nd5 10. Ne4 Ba6 11. Bg5 Qb6 12. Rc1 h6 13. Be3 c3 14. bxc3 bxc3 15. Nxc3 Ba3 16. Nxd5 cxd5 17. Bb5+ Kf8 18. Rc2 g6 19. Qd3 Bb4 20. Nh4 Kg7 21.
f4 Bxb5 22. axb5 Ra7 23. g4 Be7 24. Ng2 Rb7 25. f5 exf5 26. gxf5 gxf5 27. Nf4 Rd8 28. Qxf5 Bg5 29. Rg2 Kh8 30. Nxd5 Qe6 31. Bxg5 Qxf5 32. Rxf5 hxg5 33. Rfxg5 f5 34. Nf6 1-0

[Event "Late-Titled-Tuesday-Blitz-February-27-2024"]
[Site "Chess.com"]
[Date "2024.02.27"]
[Round "11"]
[White "Zampronha1971"]
[Black "Vasily85"]
[Result "1-0"]
[WhiteElo "2354"]
[BlackElo "2474"]
[TimeControl "180+1"]
[EndTime "16:05:50 PST"]
[Termination "Zampronha1971 won on time"]

1. e4 g6 2. d4 Bg7 3. Nc3 d6 4. Bg5 a6 5. Qd2 b5 6. O-O-O Bb7 7. f3 Nd7 8. Kb1 c5 9. dxc5 Nxc5 10. h4 Rc8 11. h5 h6 12. Be3 g5 13. Nge2 b4 14.
Nd5 Bxd5 15. Qxd5 Nf6 16. Qd2 Nfd7 17. Nd4 Qb6 18. Nb3 a5 19. Bd4 Be5 20. Nxc5 Nxc5 21. Bxe5 dxe5 22. Qd5 Qc7 23. Bc4 O-O 24. Bd3 a4 25.
Qc4 a3 26. b3 Rb8 27. Be2 Rfc8 28. Rd5 Qb6 29. Ka1 Ne6 30. Qa6 Qe3 31. Bd3 Nd4 32.
Qxh6 Rxc2 33. Rxd4 1-0

[Event "Late-Titled-Tuesday-Blitz-February-27-2024"]
[Site "Chess.com"]
[Date "2024.02.27"]
[Round "11"]
[White "temus_galaktionov"]
[Black "nindjaxx8"]
[Result "1-0"]
[WhiteElo "2919"]
[BlackElo "2706"]
[TimeControl "180+1"]
[EndTime "16:05:51 PST"]
[Termination "temus_galaktionov won on time"]

1. d4 d5 2. c4 e6 3. Nf3 Nf6 4. Nc3 Be7 5. Bf4 O-O 6. e3 b6 7.
Bd3 dxc4 8. Bxc4 Bb7 9. O-O Nbd7 10. Qe2 c5 11. Rfd1 cxd4 12. Rxd4 Bc5 13. Rd2 Qe7 14. Rad1 Rfd8 15. a3 a5 16. Na4 Nf8 17. Nxc5 Rxd2 18. Qxd2 Qxc5 19. Be2 Ne4 20. Qc1 Qxc1 21. Rxc1 Rd8 22.
Nd4 Ng6 23. Bc7 Rc8 24. Rc2 e5 25. Nb5 Ne7 26. Na7 Ra8 27. Nb5 Rc8 28. Bd1 Nd5 29. Bxe5 Re8 30. Bd4 h6 31. Nc7 Nxc7 32. Rxc7 b5 33.
Be2 b4 34. a4 Bd5 35. Bb5 Rd8 36. f3 Nd6 37. Bd3 Bb3 38. Rc5 Bxa4 39. Rxa5 Bd7 40.
Kf2 Be6 41. Rc5 Ra8 42. g4 Ra2 43. Rc6 Ne8 44. Rb6 Kf8 45. Rxb4 Nc7 46. Rb8+ Ke7 47. Bxg7 Nd5 48. Bxh6 Kd7 49. Bg7 f6 50. Bc4 Ra4 51. Bb5+ Kc7 52. Bxa4 Kxb8 53. e4 Nf4 54. Bxf6 Nd3+ 55.
Ke3 Nxb2 56. Bxb2 1-0

[Event "Late-Titled-Tuesday-Blitz-February-27-2024"]
[Site "Chess.com"]
[Date "2024.02.27"]
[Round "11"]
[White "farzadbfd"]
[Black "wild3000"]
[Result "1-0"]
[WhiteElo "2681"]
[BlackElo "2500"]
[TimeControl "180+1"]
[EndTime "16:05:51 PST"]
[Termination "farzadbfd won by resignation"]

1. e4 e5 2. Nf3 Nc6 3. Bc4 Be7 4. O-O d6 5. c3 Be6 6. Bxe6 fxe6 7. d4 exd4 8. cxd4 Nf6 9. d5 Ne5 10. Ng5 exd5 11.
Ne6 Qd7 12. exd5 Kf7 13. Ng5+ Kg8 14. Nc3 h6 15. Ne6 c6 16. f4 Nf7 17. Re1 Kh7 18. Qd3+ g6 19. Be3 Rae8 20. Bd4 c5 21. Bxf6 Bxf6 22.
Re2 a6 23. Rae1 b5 24. Kh1 Nd8 25. Qh3 Nxe6 26. dxe6 Qc6 27. f5 Rhg8 28. Ne4 Be5 29.
f6 Rgf8 30. Ng5+ Kg8 31. f7+ Kg7 32. fxe8=Q Qxe8 33. Nf7 Rxf7 34. exf7 Qxf7 35. b3 a5 36. Qf3 Qxf3 37. gxf3 g5 38. Rxe5 dxe5 39. Rxe5 c4 40. Rxb5 c3 41. Rc5 a4 42. Rxc3 1-0

[Event "Late-Titled-Tuesday-Blitz-February-27-2024"]
[Site "Chess.com"]
[Date "2024.02.27"]
[Round "11"]
[White "GodzillaChessYoutube"]
[Black "KNVB"]
[Result "0-1"]
[WhiteElo "2638"]
[BlackElo "2812"]
[TimeControl "180+1"]
[EndTime "16:05:53 PST"]
[Termination "KNVB won on time"]

1. d4 e5 2. dxe5 Nc6 3. Nf3 Qe7 4. g3 Nxe5 5. Bg2 Nxf3+ 6. Bxf3 Nf6 7. O-O g6 8. c4 Bg7 9. Nc3 O-O 10. Bg5 c6 11.
Bf4 Ne8 12. Qd2 d6 13. Rfd1 Be6 14. b3 Rd8 15. Rac1 f5 16. e4 fxe4 17. Nxe4 d5 18. Ng5 Bf5 19. cxd5 h6 20. Re1 Qd7 21. Ne4 cxd5 22.
Nc5 Qf7 23. Bxh6 b6 24. Na6 Bc8 25. Rxe8 Rdxe8 26. Bxd5 Be6 27. Rc7 Bxh6 28. Rxf7 Bxd2 29. Bxe6 Rxe6 30. Rxa7 Re2 0-1

[Event "Late-Titled-Tuesday-Blitz-February-27-2024"]
[Site "Chess.com"]
[Date "2024.02.27"]
[Round "11"]
[White "chessdjw"]
[Black "Mikhail_Golubev"]
[Result "1-0"]
[WhiteElo "2780"]
[BlackElo "2643"]
[TimeControl "180+1"]
[EndTime "16:05:55 PST"]
[Termination "chessdjw won by resignation"]

1. d4 Nf6 2. c4 g6 3. Nc3 Bg7 4.
e4 d6 5. Nf3 O-O 6. Be2 e5 7.
O-O h6 8. d5 a5 9. Ne1 Na6 10.
Nd3 Nd7 11. Be3 f5 12. f3 f4 13. Bf2 g5 14. a3 Nac5 15. b4 axb4 16. axb4 Rxa1 17. Qxa1 Nb3 18. Qa7 Nd4 19. Bd1 Nf6 20. Nb5 Nxb5 21. cxb5 b6 22. Be2 h5 23. Rc1 Ne8 24.
Qb8 Bf6 25. Bxb6 cxb6 26. Rxc8 Qd7 27. Nb2 g4 28. Rc6 h4 29. fxg4 h3 30. Nc4 hxg2 31.
Kxg2 Qh7 32. Bf3 Qh4 33. Rc8 Kf7 34. Rxe8 Rxe8 35. Nxd6+ Kg7 36. Qxe8 Qe1 37. Qf7+ 1-0

[Event "Late-Titled-Tuesday-Blitz-February-27-2024"]
[Site "Chess.com"]
[Date "2024.02.27"]
[Round "11"]
[White "Jospem"]
[Black "Sanan_Sjugirov"]
[Result "1/2-1/2"]
[WhiteElo "3065"]
[BlackElo "2978"]
[TimeControl "180+1"]
[EndTime "16:05:56 PST"]
[Termination "Game drawn by repetition"]

1. e4 c5 2. Nf3 Nc6 3. c3 Nf6 4. Bd3 e5 5. Bc2 d5 6. d3 Be7 7. Bg5 O-O 8. Bxf6 Bxf6 9. Nbd2 Be6 10. O-O dxe4 11. dxe4 c4 12. Qe2 b5 13. b3 Na5 14.
bxc4 Nxc4 15. Bb3 Rc8 16. Bxc4 Bxc4 17. Nxc4 Rxc4 18. a4 Rxa4 19. Qxb5 Rxe4 20. Rxa7 Qc8 21. Nd2 Rg4 22. Qe2 Rg6 23. Ne4 Bd8 24. Ng3 Qxc3 25. Rd1 Bb6 26. Rb7 Qc6 27. Qe4 Qxe4 28. Nxe4 Bd4 29.
Rc1 f5 30. Ng3 h6 31. Kf1 Kh7 32. Rcc7 e4 33. Rf7 Rxf7 34. Rxf7 Ra6 35. Rxf5 Ra1+ 36. Ke2 Ra2+ 37. Ke1 Ra1+ 38. Ke2 Ra2+ 39. Kd1 Ra1+ 40. Kc2 Ra2+ 41. Kb3 Rxf2 42. Rxf2 Bxf2 43. Nxe4 Bg1 44. h3 Kg6 45. Kc4 Kf5 46. Ng3+ Kg5 47. Kd3 Bh2 48. Ne2 Kf5 49. Ke3 Be5 50. Kf3 h5 51. Nc1 g5 52.
Ke2 g4 53. Nd3 gxh3 54. gxh3 Ke4 55. Nxe5 Kxe5 56. Kf3 Kf5 57. h4 Ke5 58. Ke3 Kf5 59.
Kf3 Ke5 60. Ke3 Kf5 61. Kf3 1/2-1/2

[Event "Late-Titled-Tuesday-Blitz-February-27-2024"]
[Site "Chess.com"]
[Date "2024.02.27"]
[Round "11"]
[White "mishanick"]
[Black "Adar_07"]
[Result "1-0"]
[WhiteElo "3074"]
[BlackElo "2814"]
[TimeControl "180+1"]
[EndTime "16:05:57 PST"]
[Termination "mishanick won by resignation"]

1. d4 Nf6 2. c4 e6 3. Nc3 Bb4 4. e3 b6 5. Ne2 Bb7 6. a3 Be7 7. d5 O-O 8. Ng3 Re8 9. Be2 a5 10. O-O Na6 11. e4 Nc5 12. Be3 exd5 13. cxd5 Bf8 14.
Qc2 c6 15. Rad1 cxd5 16. exd5 Rc8 17. Bb5 Nce4 18. Ngxe4 Nxe4 19. Qb3 Nxc3 20. bxc3 Bc5 21. c4 Bxe3 22. fxe3 Re5 23. Rd4 Qe7 24. Rf3 Re8 25.
Kf2 Rc8 26. Qd3 Rc5 27. a4 d6 28. Rdf4 f6 29. Rh4 g6 30. Rhf4 Kg7 31. Rxf6 Qxf6 32. Rxf6 Kxf6 33. Qd4 Bc8 34. Qh4+ Kg7 35. Qd8 Rf5+ 36.
Ke2 Rf6 37. Qxb6 Bg4+ 38. Kd3 Rc8 39. Qxa5 Rf7 40. Qb6 Bf5+ 41. Kc3 Be4 42. Qd4+ 1-0

[Event "Late-Titled-Tuesday-Blitz-February-27-2024"]
[Site "Chess.com"]
[Date "2024.02.27"]
[Round "11"]
[White "ninguno46"]
[Black "chess94cu"]
[Result "1-0"]
[WhiteElo "2610"]
[BlackElo "2687"]
[TimeControl "180+1"]
[EndTime "16:05:58 PST"]
[Termination "ninguno46 won by resignation"]

1. e4 e5 2. Nf3 Nc6 3. d4 exd4 4. Bc4 Bc5 5. O-O Nf6 6. e5 d5 7. Bb5 Ne4 8. Nxd4 Bd7 9. Bxc6 bxc6 10. Be3 Bb6 11. Nc3 Nxc3 12. bxc3 O-O 13. f4 Qe7 14. Qd2 c5 15. Nb3 Bc6 16. Qf2 d4 17. cxd4 c4 18. Nc5 Bxc5 19. dxc5 Rad8 20. Bd4 Qd7 21. c3 Qf5 22.
Rae1 Rfe8 23. Re3 Re6 24. Rg3 Rb8 25. Rg5 Qd3 26. f5 Rh6 27. e6 f6 28. Rg3 Qe4 29. Qf4 Qxf4 30. Rxf4 Rb1+ 31. Kf2 Rb2+ 32. Ke3 Rxh2 33.
Bxf6 Rhxg2 34. Rxg2 Rxg2 35. Be5 Bd5 36. Bxc7 g6 37.
Kd4 Rd2+ 38. Ke5 gxf5 39. Rxf5 Bc6 40. Rg5+ Kh8 41. Kf6 h6 42. Rg3 Rxa2 43. Be5 Re2 44. e7 h5 45. Ke6+ Kh7 46. Kd6 Bb5 47. Rg7+ Kh6 48.
Rg8 h4 49. e8=Q Bxe8 50. Rxe8 Kg6 51. Rh8 Kf5 52. Bd4 Kg4 53. c6 1-0

[Event "Late-Titled-Tuesday-Blitz-February-27-2024"]
[Site "Chess.com"]
[Date "2024.02.27"]
[Round "11"]
[White "MITerryble"]
[Black "SpeedofLight0"]
[Result "0-1"]
[WhiteElo "3023"]
[BlackElo "3080"]
[TimeControl "180+1"]
[EndTime "16:05:59 PST"]
[Termination "SpeedofLight0 won on time"]

1. d4 d6 2. Nf3 g6 3. e4 Bg7 4. c3 Nf6 5. Bd3 O-O 6. O-O Nc6 7. Nbd2 e5 8. dxe5 Nxe5 9. Nxe5 dxe5 10. Nc4 Qe7 11.
b3 Rd8 12. Qc2 Nh5 13. g3 Bh3 14. Re1 Rd7 15. Ba3 Qf6 16. Be2 Rad8 17. Rad1 Nf4 18.
gxf4 exf4 19. Bf3 h5 20. Rxd7 Rxd7 21. Rd1 Rxd1+ 22. Qxd1 b5 23. Nb2 c5 24. Qd2 Qg5+ 25.
Kh1 Bg4 26. Bg2 Be6 27. Nd3 c4 28. bxc4 Bxc4 29. Nxf4 Bxa2 30. Qxa2 Qxf4 31. Qc2 a5 32. Bc1 Qc7 33. Bd2 a4 34. Qd3 a3 35. Qxb5 Bxc3 36.
Bxc3 Qxc3 37. Qa4 Qb2 38. Qe8+ Kg7 0-1

[Event "Late-Titled-Tuesday-Blitz-February-27-2024"]
[Site "Chess.com"]
[Date "2024.02.27"]
[Round "11"]
[White "tteshan"]
[Black "cthulhuuu"]
[Result "1-0"]
[WhiteElo "2594"]
[BlackElo "2451"]
[TimeControl "180+1"]
[EndTime "16:06:01 PST"]
[Termination "tteshan won on time"]

1. e4 d6 2. d4 Nf6 3. Nc3 c6 4.
Nf3 Bg4 5. Bc4 e6 6. a4 d5 7. Bd3 Bb4 8. exd5 cxd5 9. O-O O-O 10. h3 Bh5 11. Bg5 Nc6 12. Ne2 Bxf3 13. gxf3 Be7 14.
c3 Nh5 15. Bxe7 Qxe7 16. Qd2 Qh4 17. Kg2 f5 18. f4 Rf6 19. Qe3 Kh8 20. Kh2 Rh6 21. Rg1 Ne7 22. Rg2 Ng6 23. Rag1 Nhxf4 24. Nxf4 Nxf4 25. Rg3 Rf8 26. Bf1 Ng6 27. Qxe6 f4 28. Rf3 Qd8 29. Qg4 Qf6 30. Bd3 Rh4 31. Qg5 Rh6 32.
Qxf6 Rxf6 33. Rg5 Ne7 34. Bb5 Rf7 35. Re5 Rhf6 36. Be8 Rf8 37. Rxe7 1-0

[Event "Late-Titled-Tuesday-Blitz-February-27-2024"]
[Site "Chess.com"]
[Date "2024.02.27"]
[Round "11"]
[White "rhungaski"]
[Black "emeli_chess"]
[Result "1-0"]
[WhiteElo "2590"]
[BlackElo "2440"]
[TimeControl "180+1"]
[EndTime "16:06:01 PST"]
[Termination "rhungaski won by resignation"]

1. e4 e5 2. Nf3 Nc6 3. d4 exd4 4. Nxd4 Bc5 5. Be3 Qf6 6. Nb5 Bxe3 7. fxe3 Qxb2 8.
N1c3 Qb4 9. Nxc7+ Kd8 10. Nd5 Qa5 11. Qg4 g6 12. Qf4 Nce7 13. O-O-O b5 14. Bxb5 Ba6 15. Bxa6 Qa3+ 16. Kd2 Qxa6 17. Qc7+ Ke8 18. Qe5 f6 19. Nc7+ Kf7 20. Qxe7+ Nxe7 21. Nxa6 Rhc8 22. Nb4 Rc4 23. Nbd5 Nxd5 24. Nxd5 Rxe4 25. Rhf1 f5 26. Rf4 Re5 27. c4 Rc8 28. Rb1 a5 29. Rb7 Ke6 30. Rd4 Kd6 31. Rb6+ Kc5 32. Rb5+ Kc6 33. Rxa5 Rb8 34. Kc3 Rb1 35.
Nb4+ Kc7 36. Rxe5 Rc1+ 37. Nc2 Rg1 38. Rc5+ Kd8 39. Rcd5 Rxg2 40. Rxd7+ Kc8 41. Rxh7 g5 42. Rd6 f4 43. Rg6 1-0

[Event "Late-Titled-Tuesday-Blitz-February-27-2024"]
[Site "Chess.com"]
[Date "2024.02.27"]
[Round "11"]
[White "ozates"]
[Black "Abund"]
[Result "0-1"]
[WhiteElo "2619"]
[BlackElo "2745"]
[TimeControl "180+1"]
[EndTime "16:06:06 PST"]
[Termination "Abund won by resignation"]

1. c4 e6 2. Nc3 d5 3. d4 Nf6 4.
cxd5 exd5 5. Bg5 c6 6. e3 h6 7.
Bh4 Be7 8. Bd3 O-O 9. Nge2 Re8 10. Qc2 Nbd7 11. O-O-O b5 12. f3 Qa5 13. Kb1 b4 14.
Na4 Ba6 15. Nf4 Rac8 16. Bxa6 Qxa6 17. Nd3 Qb5 18. Rhe1 Bd6 19. Bg3 Bf8 20. Rc1 a5 21. Nac5 Nxc5 22. Nxc5 Bxc5 23. dxc5 Re6 24. Bf4 Rce8 25.
g4 Nd7 26. h4 Ne5 27. Rcd1 Nxf3 28. Rf1 Nxh4 29. g5 h5 30. Qh2 Ng6 31. Qxh5 b3 32. a3 Qxc5 33. Rd2 Qc4 34. Rdf2 d4 35. e4 Rxe4 36.
Bc1 Re1 37. Qd1 Rxd1 38. Rxd1 d3 39. Rfd2 Qc2+ 40. Ka1 Qc4 41. Rxd3 a4 42. Rc3 Qe6 43. Rcd3 Qc8 44. Bd2 Rd8 45. Re3 Qf5 46. Re2 Qc2 47. Rde1 Rxd2 48. Re8+ Nf8 0-1

[Event "Late-Titled-Tuesday-Blitz-February-27-2024"]
[Site "Chess.com"]
[Date "2024.02.27"]
[Round "11"]
[White "ZachHKL"]
[Black "katharinareinecke"]
[Result "1-0"]
[WhiteElo "2140"]
[BlackElo "1990"]
[TimeControl "180+1"]
[EndTime "16:06:09 PST"]
[Termination "ZachHKL won on time"]

1. c4 c6 2. d4 d5 3. g3 Nf6 4. Bg2 Bf5 5. Nf3 e6 6. Nbd2 Be7 7. O-O O-O 8. Re1 Nbd7 9. Nh4 Bg6 10. Nxg6 hxg6 11.
b3 a6 12. Bb2 b5 13. c5 Re8 14.
a3 Bf8 15. h3 e5 16. e3 e4 17. f3 exf3 18. Qxf3 Nh5 19. e4 Ndf6 20. e5 Nh7 21.
g4 Qg5 22. Nf1 Nf4 23. Bc1 Nxg2 24. Bxg5 Nxe1 25. Rxe1 Nxg5 26. Qe3 Ne6 27. Nd2 a5 28. Kg2 a4 29. b4 Be7 30. Rh1 Bg5 31. Qf2 Nf4+ 32. Kg3 Ne6 33. Nf3 Be7 34. h4 g5 35.
hxg5 Bxg5 36. Rh5 Bf4+ 37. Kg2 g6 38. Rh1 Kg7 39. Nh4 Bg5 40. Nf5+ gxf5 41. gxf5 Nf4+ 42. Kg3 Rh8 43. f6+ Kg6 44. Qc2+ 1-0

[Event "Late-Titled-Tuesday-Blitz-February-27-2024"]
[Site "Chess.com"]
[Date "2024.02.27"]
[Round "11"]
[White "GilbertoHernandezAmura"]
[Black "Pelusiansky"]
[Result "0-1"]
[WhiteElo "2441"]
[BlackElo "2531"]
[TimeControl "180+1"]
[EndTime "16:06:10 PST"]
[Termination "Pelusiansky won by checkmate"]

1. d4 d5 2. Nc3 Nf6 3. Bf4 a6 4. e3 c5 5. dxc5 e6 6. Na4 Bxc5 7. Nxc5 Qa5+ 8. c3 Qxc5 9. Nf3 O-O 10. Be2 Nc6 11. O-O h6 12. h3 a5 13. a4 Bd7 14.
Qb3 Bc8 15. Ne5 Nxe5 16. Bxe5 Nd7 17. Bd4 Qd6 18. c4 e5 19. Bc3 Nc5 20. Qa3 dxc4 21. Rfd1 Qe7 22. Bxc4 b6 23. Rd5 e4 24. Re5 Qc7 25.
Rd1 Bb7 26. b3 Rad8 27. Rc1 Qd6 28. Qb2 Nd3 29. Bxd3 exd3 30. Bd4 Rfe8 31. Rxe8+ Rxe8 32. Rd1 Rd8 33. f3 Qg6 34. Kh2 h5 35. Qd2 Ba6 36. Qf2 Rc8 37. e4 Rc2 38. Rd2 Rxd2 39. Qxd2 Qd6+ 40. e5 Qxd4 41. Qg5 d2 42. Qxh5 Qf4+ 43. g3 Qe3 44. e6 Qf2+ 45. Kh1 d1=Q# 0-1

[Event "Late-Titled-Tuesday-Blitz-February-27-2024"]
[Site "Chess.com"]
[Date "2024.02.27"]
[Round "11"]
[White "dimoni64"]
[Black "cthake"]
[Result "1-0"]
[WhiteElo "1989"]
[BlackElo "1829"]
[TimeControl "180+1"]
[EndTime "16:06:13 PST"]
[Termination "dimoni64 won on time"]

1. d4 Nf6 2. c4 c5 3. Nf3 g6 4.
Nc3 Bg7 5. dxc5 O-O 6. e4 Qa5 7. Qc2 Nxe4 8. Qxe4 Bxc3+ 9. Bd2 Bxd2+ 10. Nxd2 Qxc5 11.
Bd3 Nc6 12. O-O d6 13. Qh4 Ne5 14. Be2 e6 15. Qh6 f5 16. h4 Nf7 17. Qe3 Qxe3 18. fxe3 e5 19. Rad1 Be6 20. b3 Rad8 21. e4 f4 22. Nb1 g5 23. hxg5 Nxg5 24. Nc3 Rf7 25. Nd5 Nxe4 26. Bf3 Ng3 27. Rfe1 Kg7 28. c5 dxc5 29.
Rxe5 Bxd5 30. Rexd5 Rxd5 31. Rxd5 b6 32. Rg5+ Kf6 33.
Rd5 Re7 34. Rd1 Ne2+ 35. Kf2 Nd4 36. Bd5 Re2+ 37. Kf1 Rxa2 38. Bc4 Rc2 39. Re1 1-0